 Dungeon Crawl Stone Soup version 0.30-a0-613-gdd512c7efb (webtiles) character file.

Game seed: 17826712177692019670

6049 porpoise the Cleaver (level 10, -2/69 HPs)
             Began as a Gnoll Wanderer on Jan 9, 2023.
             Was a Believer of Hepliaklqana.
             Killed by an exploding killer bee (14 damage)
             ... ignited by their inner flame
             ... on level 9 of the Dungeon.
             The game lasted 00:36:38 (8110 turns).

porpoise the Cleaver (Gnoll Wanderer)               Turns: 8110, Time: 00:36:39

Health: -2/69      AC: 13    Str: 14    XL:     10   Next: 87%
Magic:  19/19      EV: 14    Int: 10    God:    Hepliaklqana [**....]
Gold:   509        SH:  0    Dex: 15    Spells: 20/22 levels left

rFire   + . .      SeeInvis .    a - +2 scimitar (freeze)
rCold   . . .      Faith    .    (no shield)
rNeg    . . .      Spirit   .    f - +0 steam dragon scales
rPois   .          Reflect  .    i - +1 helmet
rElec   .          Harm     .    t - +0 cloak
rCorr   .          Rampage  .    k - +0 pair of gloves
Will    +....                    n - +0 pair of boots
Stlth   +++                      p - amulet of regeneration
HPRegen 1.11/turn                g - ring of willpower
MPRegen 0.16/turn                O - ring of protection from fire

@: lethally poisoned (-2 -> -5)
A: reduced essence, fangs 1, strong nose, distributed training
a: Renounce Religion, Recall Ancestor, Ancestor Identity


You were on level 9 of the Dungeon.
You worshipped Hepliaklqana.
Hepliaklqana was pleased with you.
You visited 2 branches of the dungeon, and saw 10 of its levels.

You collected 544 gold pieces.
You spent 35 gold pieces at shops.

Inventory:

Hand Weapons
 a - a +2 scimitar of freezing (weapon)
 b - a +1 hand crossbow
 w - a +1 morningstar of holy wrath
 F - a +3 hand axe
 M - the +9 glaive "Ymuhib" {distort, Contam rN+ Str+3 Stlth+}
   (You found it on level 8 of the Dungeon)

   Str:       It affects your strength (+3).
   rN:        It protects you from negative energy.
   Contam:    It causes magical contamination when unequipped.
   Stlth:     It makes you more stealthy.
 N - a +1 scimitar of flaming
Missiles
 l - 6 throwing nets (quivered)
 m - 2 boomerangs
 B - 20 poisoned darts
 E - a javelin
Armour
 f - +0 steam dragon scales (worn)
 i - a +1 helmet (worn)
 k - a +0 pair of gloves (worn)
 n - a +0 pair of boots (worn)
 t - a +0 cloak (worn)
Jewellery
 g - a ring of willpower (left hand)
 j - an amulet of the acrobat
 p - an amulet of regeneration (around neck)
 q - a ring of see invisible
 y - a ring of wizardry
 G - a +6 ring of intelligence
 L - a ring of wizardry
 O - a ring of protection from fire (right hand)
Wands
 x - a wand of mindburst (1)
Scrolls
 c - 5 scrolls of teleportation
 e - 3 scrolls of identify
 r - a scroll of fear
 s - a scroll of enchant weapon
 v - a scroll of immolation
 z - a scroll of vulnerability
 A - a scroll of amnesia
 D - 2 scrolls of fog
 J - a scroll of blinking
Potions
 d - 2 potions of brilliance
 h - 8 potions of curing
 o - 2 potions of mutation
 u - 5 potions of flight
 C - a potion of magic
 H - 2 potions of heal wounds
 I - 2 potions of attraction
 K - a potion of haste


   Skills:
 + Level 6.5 Fighting
 + Level 5.9 Short Blades
 + Level 5.9 Long Blades
 + Level 10.4 Axes
 + Level 5.9 Maces & Flails
 + Level 5.9 Polearms
 + Level 5.9 Staves
 + Level 5.9 Ranged Weapons
 + Level 5.9 Throwing
 + Level 7.5 Armour
 + Level 5.9 Dodging
 + Level 5.9 Stealth
 + Level 5.9 Shields
 + Level 7.5 Unarmed Combat
 + Level 6.6 Spellcasting
 + Level 4.9 Conjurations
 + Level 4.9 Hexes
 + Level 4.9 Summonings
 + Level 4.9 Necromancy
 + Level 4.9 Translocations
 + Level 4.9 Transmutations
 + Level 4.9 Fire Magic
 + Level 4.9 Ice Magic
 + Level 4.9 Air Magic
 + Level 4.9 Earth Magic
 + Level 4.9 Poison Magic
 + Level 6.5 Invocations
 + Level 5.9 Evocations


You had 20 spell levels left.
You knew the following spells:

 Your Spells              Type           Power      Damage    Failure   Level
w - Wereblood             Tmut           13%        N/A       4%          2

Your spell library contained the following spells:

 Spells                   Type           Power      Damage    Failure   Level
 Freeze                   Ice            52%        1d6       2%          1
 Sting                    Tmut/Pois      52%        1d5       2%          1
 Poisonous Vapours        Pois/Air       26%        N/A       4%          2
 Sublimation of Blood     Necr           13%        N/A       4%          2
 Frozen Ramparts          Ice            26%        1d4       8%          3
 Hailstorm                Conj/Ice       13%        3d5       8%          3
 Kindle Blastsparks       Fire/Tloc/Air  26%        2d12      8%          3
 Fulminant Prism          Conj/Hex       6%         3d6       26%         4
 Iskenderun's Mystic Bla  Conj/Tloc      13%        2d5       26%         4
 Olgreb's Toxic Radiance  Pois           13%        N/A       26%         4
 Fireball                 Conj/Fire      6%         3d5       58%         5
 Iskenderun's Battlesphe  Conj           13%        2d7       58%         5
 Lee's Rapid Deconstruct  Erth           6%         3d6*      58%         5
 Conjure Ball Lightning   Conj/Air       6%         3x3d6     99%         6
 Orb of Destruction       Conj           6%         9d6       100%        7
 Summon Hydra             Summ           6%         N/A       100%        7


Dungeon Overview and Level Annotations

Branches:
Dungeon (9/15)             Temple (1/1) D:6
   Lair: D:8-11         Orc: D:9-12

Altars:
Ashenzari
Cheibriados
Dithmenos
Elyvilon
Fedhas
Gozag
Hepliaklqana
Kikubaaqudgha
Makhleb
Nemelex Xobeh
Okawaru
Qazlal
Ru
Sif Muna
Trog
Uskayaw
Vehumet
Wu Jian
Xom
Yredelemnul
Zin
The Shining One

Shops:
D:5 (

Annotations:
D:4 3 runed translucent doors, greasedhog's ghost, amateur GrVM
D:6 2 runed translucent doors, CornPuffBuddha's ghost, novice OgGl


Innate Abilities, Weirdness & Mutations

Your life essence is reduced to manifest your ancestor. (-10% HP)
You have very sharp teeth.
Your uncanny sense of smell can sniff out nearby items.
Your experience applies equally to all skills.


Message History

Okay, then.
Your +2 scimitar of freezing glows with a cold blue light!
a - a +2 scimitar of freezing (weapon)
The killer bee barely misses you. The killer bee stings you!
You are poisoned.
The killer bee poisons you!
The killer bee stings you but does no damage.
The killer bee barely misses you.
You miss the killer bee.
You feel sick. The killer bee barely misses you. x3
The killer bee misses you.
A centaur comes into view.
Nikki barely misses the killer bee.
The killer bee stings you.
* * * LOW HITPOINT WARNING * * *
You are more poisoned.
The killer bee poisons you! The killer bee barely misses you.
The killer bee closely misses you.
The centaur wields a +0 shortbow.
The centaur shoots an arrow.
The arrow hits you!
* * * LOW HITPOINT WARNING * * *
The killer bee closely misses you.
You feel much better.
You feel very sick.
The killer bee stings you but does no damage.
The killer bee closely misses you.
The killer bee stings you but does no damage.
The killer bee stings you.
Nikki hits the killer bee with a +0 flail!
Flame seeps out of the killer bee.
The centaur shoots an arrow.
The arrow hits you but does no damage. The killer bee stings you.
The killer bee is engulfed in blazing flames.
The killer bee explodes!
Nikki avoids your attack. The fiery explosion engulfs you! You resist.
* * * LOW HITPOINT WARNING * * *
The fiery explosion engulfs the killer bee!!
The killer bee explodes!
The fiery explosion engulfs you. You resist.
* * * LOW HITPOINT WARNING * * *
The fiery explosion engulfs the killer bee!!
The killer bee explodes!
The fiery explosion engulfs you! You resist.
You die...

................#
................#
.......<.>......+
####.c####..##+##
.####..####..#
.............#
..☼§§........#
.o§§§☼.§y§...#
zo§§§R○@§§...#
oo§§§§§§§....#
###§§####...## #.
#...# .. ....# ..
....# . .. ...+
#.. ######
##..###...#


You could see the friendly Nikki the knight (inner flame), an orc warrior, a
centaur, a killer bee, a wight and 3 orcs.

Vanquished Creatures
  Maggie (D:7)
  An efreet (D:8)
  A troll (D:7)
  A steam dragon (D:7)
  4 water moccasins
  An orc warrior (D:7)
  2 sky beasts
  3 black bears
  An ice beast (D:6)
  2 ogres
  2 centaurs
  A kobold brigand (D:8)
  4 bullfrogs
  6 necrophages
  5 scorpions
  A water moccasin zombie (D:5)
  5 wights
  4 killer bees (D:9)
  2 howler monkeys (D:5)
  An electric eel (D:8)
  4 bullfrog zombies (D:5)
  A human zombie (D:5)
  3 orc priests
  4 hounds
  4 jellies
  A gnoll bouda (D:5)
  Ijyb (D:5)
  7 orc wizards
  2 mummies (D:5)
  12 gnolls
  12 adders
  A shadow imp (D:5)
  A white imp (D:5)
  4 ufetubi
  An adder zombie (D:5)
  3 worms
  A dart slug (D:4)
  31 orcs
  3 bats
  8 endoplasms
  3 giant cockroaches
  2 goblins
  6 hobgoblins
  4 jackals
  15 kobolds
  3 quokkas
  3 training dummies (D:5)
  4 ball pythons
  6 frilled lizards
  6 rats
204 creatures vanquished.

Vanquished Creatures (collateral kills)
  A gargoyle (D:7)
  A hornet (D:7)
  A slime creature (D:8)
  A sky beast (D:7)
  A centaur (D:9)
  A kobold brigand (D:9)
  A gnoll sergeant (D:8)
  A wight (D:9)
  An electric eel (D:8)
  2 orc wizards
  2 gnolls (D:8)
  A white imp (D:7)
  An orc (D:7)
  2 kobolds
17 creatures vanquished.

Vanquished Creatures (others)
  Psyche (D:8)
  A phantom (D:6)
  A jelly (D:6)
  4 orcs (D:6)
7 creatures vanquished.

Grand Total: 228 creatures vanquished

Notes
Turn   | Place    | Note
-------+----------+-------------------------------------------
     0 | D:1      | porpoise the Gnoll Wanderer began the quest for the Orb.
     0 | D:1      | porpoise set off with the following items: a +3 hand axe, a
                  | scroll of fog, a scroll of teleportation, a +0 robe.
     0 | D:1      | Reached XP level 1. HP: 17/17 MP: 4/4
   161 | D:1      | Reached XP level 2. HP: 23/23 MP: 5/5
   540 | D:2      | You fall into a shaft and drop 1 floor!
   632 | D:3      | Reached XP level 3. HP: 23/28 MP: 7/7
   666 | D:3      | Reached skill level 1 in Invocations
   669 | D:3      | Reached skill level 1 in Short Blades
   669 | D:3      | Reached skill level 1 in Long Blades
   669 | D:3      | Reached skill level 1 in Maces & Flails
   669 | D:3      | Reached skill level 1 in Polearms
   669 | D:3      | Reached skill level 1 in Staves
   669 | D:3      | Reached skill level 1 in Ranged Weapons
   669 | D:3      | Reached skill level 1 in Throwing
   669 | D:3      | Reached skill level 1 in Dodging
   669 | D:3      | Reached skill level 1 in Stealth
   669 | D:3      | Reached skill level 1 in Shields
   669 | D:3      | Reached skill level 1 in Evocations
   672 | D:3      | Reached XP level 4. HP: 27/34 MP: 8/8
   820 | D:2      | Found a faded altar of an unknown god.
  1012 | D:2      | Reached skill level 1 in Conjurations
  1012 | D:2      | Reached skill level 1 in Hexes
  1012 | D:2      | Reached skill level 1 in Summonings
  1012 | D:2      | Reached skill level 1 in Necromancy
  1012 | D:2      | Reached skill level 1 in Translocations
  1012 | D:2      | Reached skill level 1 in Transmutations
  1012 | D:2      | Reached skill level 1 in Fire Magic
  1012 | D:2      | Reached skill level 1 in Ice Magic
  1012 | D:2      | Reached skill level 1 in Air Magic
  1012 | D:2      | Reached skill level 1 in Earth Magic
  1012 | D:2      | Reached skill level 1 in Poison Magic
  1112 | D:2      | HP: 1/34 [gnoll/+0 club (6)]
  1114 | D:2      | Reached XP level 5. HP: 2/40 MP: 9/9
  2230 | D:4      | Reached XP level 6. HP: 45/47 MP: 9/11
  2300 | D:4      | Reached skill level 5 in Armour
  2300 | D:4      | Reached skill level 5 in Unarmed Combat
  2449 | D:4      | Found a runed translucent gate.
  2450 | D:4      | Found a runed translucent gate.
  2451 | D:4      | Found a runed translucent gate.
  2455 | D:4      | Noticed greasedhog's ghost (amateur GrVM)
  2455 | D:4      | Identified the +1 spear "Demonslayer" {heavy, rN+ Int+4}
  2455 | D:4      | Identified the +1 ring mail "Aceur" {rElec}
  2715 | D:4      | Reached XP level 7. HP: 45/52 MP: 12/12
  2878 | D:4      | Found Direonu's Weapon Emporium.
  3170 | D:4      | Reached skill level 9 in Axes
  3380 | D:5      | Entered Level 5 of the Dungeon
  3430 | D:5      | Noticed Ijyb
  3460 | D:5      | Killed Ijyb
  3461 | D:5      | Reached XP level 8. HP: 59/60 MP: 14/14
  3510 | D:5      | Found a bloodstained altar of Trog.
  3891 | D:5      | Found a basalt altar of Yredelemnul.
  4180 | D:5      | Found Miyskaesue's Firing Range.
  4217 | D:5      | Bought a +0 hand crossbow for 35 gold pieces
  4675 | D:6      | Found a runed translucent door.
  4782 | D:6      | Found a runed translucent door.
  4785 | D:6      | Noticed CornPuffBuddha's ghost (novice OgGl)
  4882 | D:6      | Reached XP level 9. HP: 61/67 MP: 16/16
  4919 | D:6      | Reached skill level 5 in Spellcasting
  5152 | D:6      | Reached skill level 5 in Fighting
  5300 | D:6      | Found a staircase to the Ecumenical Temple.
  5309 | Temple   | Entered the Ecumenical Temple
  5495 | Temple   | Became a worshipper of Hepliaklqana the Forgotten
  5578 | D:6      | Identified the +9 trident "Caqesog" {venom, Int+2}
  5910 | D:7      | Found a sparkling altar of Nemelex Xobeh.
  5961 | D:7      | Noticed Maggie
  5973 | D:7      | Killed Maggie
  6133 | D:7      | Reached skill level 5 in Invocations
  6369 | D:7      | Noticed a troll
  6388 | D:7      | Killed a troll
  6423 | D:7      | Learned a level 2 spell: Wereblood
  6492 | D:7      | Reached * piety under Hepliaklqana
  6580 | D:7      | Reached skill level 5 in Short Blades
  6580 | D:7      | Reached skill level 5 in Long Blades
  6580 | D:7      | Reached skill level 5 in Maces & Flails
  6580 | D:7      | Reached skill level 5 in Polearms
  6580 | D:7      | Reached skill level 5 in Staves
  6580 | D:7      | Reached skill level 5 in Ranged Weapons
  6580 | D:7      | Reached skill level 5 in Throwing
  6580 | D:7      | Reached skill level 5 in Dodging
  6580 | D:7      | Reached skill level 5 in Stealth
  6580 | D:7      | Reached skill level 5 in Shields
  6580 | D:7      | Reached skill level 5 in Evocations
  6580 | D:7      | Reached XP level 10. HP: 53/68 MP: 18/18
  6639 | D:7      | Reached skill level 10 in Axes
  6738 | D:7      | Paralysed by a hornet for 2 turns
  6744 | D:7      | Paralysed by a hornet for 1 turns
  6886 | D:7      | Noticed a gargoyle
  6894 | D:7      | Killed a gargoyle
  7067 | D:7      | Found a blossoming altar of Fedhas.
  7160 | D:8      | Found an ancient bone altar of Kikubaaqudgha.
  7202 | D:8      | Found a radiant altar of Vehumet.
  7338 | D:8      | Found a white marble altar of Elyvilon.
  7382 | D:8      | Found an iron altar of Okawaru.
  7583 | D:8      | Identified the +9 glaive "Ymuhib" {distort, Contam rN+
                  | Str+3 Stlth+}
  7638 | D:8      | Killed Psyche
  7651 | D:8      | Reached ** piety under Hepliaklqana
  7652 | D:8      | Remembered your ancestor Nikki as a knight
  7658 | D:8      | Found a stormy altar of Qazlal.
  8018 | D:9      | Found a shimmering altar of Xom.
  8055 | D:9      | Found a glowing golden altar of the Shining One.
  8110 | D:9      | Killed by an exploding killer bee... ignited by their inner
                  | flame

Illustrated notes

Levels and vault maps discovered:
D:1:      tekkud_arrival_beachfront_property, layout_rooms
D:2:      layout_basic, chequers_ecumenical_altar_simple_redux, st_stairs_14
D:3:      minmay_diamond_boxcup, layout_basic, grunt_decor_clamped,
          grunt_ministairs_1
D:4:      layout_basic, biasface_ghost_orc_armoury, serial_shops,
          nicolae_shop_bloodbath_and_beyond
D:5:      minmay_skewed_foursquare, layout_loops_ring,
          lemuel_mausoleum_altar_yredelemnul,
          mainiacjoe_overflow_six_doors_small, nicolae_shop_firing_range,
          uniq_ijyb
D:6:      layout_loops_cross, lemuel_temple_firewalk_b, ebering_ghost_sewer_f
D:7:      minmay_thinvault, layout_gridville, nemelex_spade_bored_becter,
          fedhas_altar_3, uniq_maggie
D:8:      kennysheep_big_flooded_room, layout_cave_pools,
          nicolae_qazlal_scattered_showers, lemuel_doored_altar,
          mainiacjoe_overflow_catch_the_wave, nicolae_vehumet_altar_sigil,
          uniq_psyche
D:9:      layout_gridville, lemuel_crystal_altar, amcnicky_altar_gilded,
          hellmonk_bongcloud_opening, minmay_statue_bubble
Temple:   bh_familiar_temple

Skill      XL: |  1  2  3  4  5  6  7  8  9 10 |
---------------+-------------------------------+-----
Invocations    | 1 2 3 4 5 6 |  6.5
Short Blades   | 1 2 3 4 5 |  5.9
Long Blades    | 1 2 3 4 5 |  5.9
Maces & Flails | 1 2 3 4 5 |  5.9
Polearms       | 1 2 3 4 5 |  5.9
Staves         | 1 2 3 4 5 |  5.9
Ranged Weapons | 1 2 3 4 5 |  5.9
Throwing       | 1 2 3 4 5 |  5.9
Dodging        | 1 2 3 4 5 |  5.9
Stealth        | 1 2 3 4 5 |  5.9
Shields        | 1 2 3 4 5 |  5.9
Evocations     | 1 2 3 4 5 |  5.9
Spellcasting   | 3 4 5 6 |  6.6
Conjurations   | 1 2 3 4 |  4.9
Hexes          | 1 2 3 4 |  4.9
Summonings     | 1 2 3 4 |  4.9
Necromancy     | 1 2 3 4 |  4.9
Translocations | 1 2 3 4 |  4.9
Transmutations | 1 2 3 4 |  4.9
Fire Magic     | 1 2 3 4 |  4.9
Ice Magic      | 1 2 3 4 |  4.9
Air Magic      | 1 2 3 4 |  4.9
Earth Magic    | 1 2 3 4 |  4.9
Poison Magic   | 1 2 3 4 |  4.9
Fighting       | 3 4 5 6 |  6.5
Armour         | 5 6 7 |  7.5
Unarmed Combat | 5 6 7 |  7.5
Axes           | 9 10 | 10.4

Action                   |  1- 3 |  4- 6 |  7- 9 | 10-12 || total
-------------------------+-------+-------+-------+-------++-------
Melee: Hand axe          |    69 |   188 |   200 |       ||   457
       Punch             |     2 |     9 |     9 |     4 ||    24
       Bite              |     1 |    24 |    36 |     8 ||    69
       Scimitar          |       |       |   164 |   118 ||   282
 Fire: Hand crossbow     |       |       |    11 |    18 ||    29
Throw: Throwing net      |       |       |     2 |       ||     2
Invok: Ancestor Identity |       |       |     3 |       ||     3
       Ancestor Life: Kn |       |       |       |     1 ||     1
Evoke: Wand              |       |       |       |     1 ||     1
  Use: Scroll            |       |     5 |    11 |     4 ||    20
       Potion            |       |       |     2 |     2 ||     4
 Stab: Sleeping          |       |     5 |     7 |     1 ||    13
       Held in net/web   |       |       |     1 |       ||     1
       Distracted        |       |       |     1 |     2 ||     3
Armor: Robe              |     6 |       |       |       ||     6
       Leather armour    |       |    13 |       |       ||    13
       Ring mail         |       |    30 |   114 |       ||   144
       Steam dragon scal |       |       |    17 |    68 ||    85
Dodge: Dodged            |    19 |    73 |   199 |   130 ||   421

Table legend: (Time is in decaauts)
 A = Elapsed time spent in this place.
 B = Non-inter-level travel time spent in this place.
 C = Inter-level travel time spent in this place.
 D = Time resting spent in this place.
 E = Time spent auto-exploring this place.
 F = Levels seen in this place.
 G = Mean time per level.
                   A        B        C        D        E       F      G
               +--------+--------+--------+--------+--------+-----+--------+
         Total |   8103 |   7793 |    310 |   1675 |   4087 |  10 |  810.3 |
       Dungeon |   7890 |   7606 |    284 |   1675 |   3910 |   9 |  876.7 |
        Temple |    212 |    186 |     26 |      0 |    177 |   1 |  212.0 |
               +--------+--------+--------+--------+--------+-----+--------+

Top non-repeatable levels by time:
     D:7: 1311 daAuts
     D:4: 1281 daAuts
     D:5: 1278 daAuts
     D:6: 1002 daAuts
     D:8: 896 daAuts
     D:3: 805 daAuts
     D:2: 738 daAuts
     D:1: 511 daAuts
  Temple: 212 daAuts
     D:9: 66 daAuts
